 Dungeon Crawl Stone Soup version 0.21.1-1-g345015f (webtiles) character file.

19 monkeygenral the Conjurer (level 2, -2/13 HPs)
             Began as a Spriggan Conjurer on June 9, 2018.
             Slain by a kobold (3 damage)
             ... on level 1 of the Dungeon.
             The game lasted 00:13:00 (560 turns).

monkeygenral the Conjurer (Spriggan Conjurer)        Turns: 560, Time: 00:13:01

Health: -2/13      AC:  2    Str:  4    XL:     2   Next: 55%
Magic:  1/7        EV: 18    Int: 16    God:
Gold:   0          SH:  0    Dex: 16    Spells: 4/7 levels left

rFire    . . .     SeeInvis +   g - +0 club
rCold    . . .     Gourm    .   (shield restricted)
rNeg     . . .     Faith    .   a - +0 robe
rPois    .         Spirit   .   (helmet restricted)
rElec    .         Reflect  .   (no cloak)
rCorr    .         Harm     .   (gloves unavailable)
MR       .....                  (boots unavailable)
Stlth    ++........             (no amulet)
HPRegen  0.04/turn              (no ring)
MPRegen  0.10/turn              (no ring)

@: very slightly contaminated, very quick
A: very small, unfitting armour, see invisible, herbivore, speed 3, slow
metabolism 2
a: no special abilities


You were on level 1 of the Dungeon.
You were full.

You visited 1 branch of the dungeon, and saw 1 of its levels.

Inventory:

Hand Weapons
 f - a +0 whip
 g - a +0 club (weapon)
Missiles
 e - a stone (quivered)
Armour
 a - a +0 robe (worn)
Books
 b - a book of Conjurations

   Spells                             Type                      Level
   a - Magic Dart                     Conjuration                  1
   b - Searing Ray                    Conjuration                  2
   c - Dazzling Spray                 Conjuration/Hexes            3
   d - Fulminant Prism                Conjuration/Hexes            4
   e - Force Lance                    Conjuration/Translocation    4
   f - Iskenderun's Mystic Blast      Conjuration                  4


   Skills:
 + Level 0.1 Maces & Flails
 + Level 3.0 Dodging
 + Level 3.1 Stealth
 + Level 0.4 Unarmed Combat
 + Level 3.0 Spellcasting
 + Level 3.2 Conjurations


You had 4 spell levels left.
You knew the following spells:

 Your Spells              Type           Power        Failure   Level  Hunger
a - Magic Dart            Conj           ##..         4%          1    #......
b - Searing Ray           Conj           ##....       8%          2    ##.....


Dungeon Overview and Level Annotations

Branches:
Dungeon (1/15)

Altars:


Innate Abilities, Weirdness & Mutations

You are very small and have problems with some larger weapons.
You are too small for most types of armour.
You have supernaturally acute eyesight. (SInv)
You are a herbivore.
You cover ground extremely quickly.
You need consume almost no food.


Message History

You hit the goblin.
You kill the goblin!
The kobold hits you.
* * * LOW HITPOINT WARNING * * *
You eat the ration.
That ration really hit the spot!
The kobold hits you.
* * * LOW HITPOINT WARNING * * *
You closely miss the kobold. The kobold hits you but does no damage.
You barely miss the kobold. The kobold barely misses you.
You hit the kobold but do no damage. The kobold hits you but does no damage.
The kobold misses you.
You hit the kobold.
The kobold is moderately wounded.
The kobold barely misses you.
You barely miss the kobold.
The kobold is moderately wounded.
The kobold barely misses you.
You barely miss the kobold.
The kobold is moderately wounded.
The kobold hits you.
You die...

..............# #≈≈.§.≈≈#
..............#####≈≈.§.≈≈#...
#####..).......#.....≈§<.≈.....
...........>...(...#≈≈...§≈#...
.............##..###§≈.≈.≈≈# .
.$............##.# #≈.≈≈≈.§#
....##..###......####+###+##
... ##.#####.....###..## >#
#..?......@K.......
.........>.).##..#.
....#....##..# #
#.#######.....# ## #.?# ####


You could see a kobold.

Vanquished Creatures
  A leopard gecko (D:1)
  A goblin (D:1)
  3 hobgoblins (D:1)
  2 jackals (D:1)
  A kobold (D:1)
  4 bats (D:1)
  2 frilled lizards (D:1)
  3 rats (D:1)
17 creatures vanquished.

Notes
Turn   | Place    | Note
-------+----------+-------------------------------------------
     0 | D:1      | monkeygenral the Spriggan Conjurer began the quest for the Orb.
     0 | D:1      | Reached XP level 1. HP: 9/9 MP: 5/5
   300 | D:1      | Reached XP level 2. HP: 13/13 MP: 3/6
   530 | D:1      | Learned a level 2 spell: Searing Ray
   560 | D:1      | Slain by a kobold

Skill      XL: |  1  2 |
---------------+-------+-----
Conjurations   | 3 |  3.2
Spellcasting   | 3 |  3.0
Maces & Flails | |  0.1
Dodging        | |  3.0
Stealth        | |  3.1
Unarmed Combat | |  0.4

Action                   || total
-------------------------++-------
Melee: Unarmed           ||    19
       Whip              ||    15
       Club              ||    11
 Cast: Magic Dart        ||    17
       Searing Ray       ||     2
  Use: Scroll            ||     1
       Potion            ||     1
  Eat: Ration            ||     1
Armor: Robe              ||    15
Dodge: Dodged            ||   107
